 Dungeon Crawl Stone Soup version 0.31-a0-365-gcf821cafb2 (webtiles) character file.

Game seed: 6497389704497908018

1196 bmack86 the Cleaver (level 8, -9/64 HPs)
             Began as a Minotaur Fighter on July 28, 2023.
             Mangled by a vampire mosquito (10 damage)
             ... on level 5 of the Dungeon.
             The game lasted 00:09:29 (4242 turns).

bmack86 the Cleaver (Minotaur Fighter)              Turns: 4242, Time: 00:09:30

Health: -9/64      AC: 10    Str: 24    XL:     8   Next: 20%
Magic:  7/7        EV:  8    Int:  5    God:
Gold:   209        SH:  4    Dex:  9    Spells: 7/7 levels left

rFire   . . .        a - +1 war axe
rCold   . . .        c - +0 buckler
rNeg    . . .        f - +0 chain mail
rPois   .            (helmet restricted)
rElec   .            (no cloak)
rCorr   .            (no gloves)
SInv    .            m - +0 pair of boots
Will    .....        (no amulet) Stlth
                     (no ring)
HPRegen 0.30/turn    (no ring)
MPRegen 0.10/turn

%: no passive effects
@: mighty, hasted, very quick
A: horns 2, retaliatory headbutt
a: no special abilities


You were on level 5 of the Dungeon.
You visited 1 branch of the dungeon, and saw 5 of its levels.

You collected 209 gold pieces.

Inventory:

Hand Weapons
 a - a +1 war axe (weapon)
Missiles
 g - 6 javelins (quivered)
Armour
 b - a +0 scale mail
 c - a +0 buckler (worn)
 f - a +0 chain mail (worn)
 m - a +0 pair of boots (worn)
Jewellery
 n - a ring of fire
Scrolls
 e - 2 scrolls of revelation
 h - 3 scrolls of teleportation
 i - a scroll of blinking {unknown}
 j - a scroll of amnesia
 k - a scroll of enchant weapon
Potions
 l - 2 potions of curing
 o - a potion of enlightenment
 p - a potion of haste
 q - a potion of mutation
 r - a potion of lignification {unknown}


   Skills:
 - Level 3.6 Fighting
 + Level 11.9 Axes
 - Level 3.6 Armour
 - Level 3.6 Shields


You had 7 spell levels left.
You didn't know any spells.
Your spell library contained the following spells:

 Spells                   Type           Power      Damage    Failure   Level
 Apportation              Tloc           0%         N/A       98%         1
 Necrotise                Necr           0%         1d4       98%         1
 Summon Small Mammal      Summ           0%         N/A       98%         1
 Summon Forest            Summ/Tloc      0%         N/A       100%        5
 Summon Mana Viper        Hex/Summ       0%         N/A       100%        5
 Summon Cactus Giant      Summ           0%         N/A       100%        6


Dungeon Overview and Level Annotations

Branches:
Dungeon (5/15)
 Temple: D:4-7

Altars:
Ashenzari
Cheibriados
Elyvilon

Annotations:
D:5 5 runed translucent doors


Innate Abilities, Weirdness & Mutations

You have a pair of horns on your head.
You reflexively headbutt those who attack you in melee.


Message History

The vampire mosquito draws strength from your injuries!
You barely miss the vampire mosquito.
Your headbutt misses the vampire mosquito.
The vampire mosquito is heavily damaged.
The vampire mosquito bites you but does no damage.
You closely miss the vampire mosquito.
The vampire mosquito is heavily damaged.
The vampire mosquito bites you.
* * * LOW HITPOINT WARNING * * *
The vampire mosquito draws strength from your injuries!
You feel very mighty all of a sudden.
You block the vampire mosquito's attack.
You slash the vampire mosquito! You headbutt the vampire mosquito.
You destroy the vampire mosquito!
The vampire mosquito bites you.
* * * LOW HITPOINT WARNING * * *
The vampire mosquito draws strength from your injuries!
You slice the vampire mosquito!!
The vampire mosquito is severely damaged.
The vampire mosquito bites you.
* * * LOW HITPOINT WARNING * * *
The vampire mosquito draws strength from your injuries!
You barely miss the vampire mosquito.
The vampire mosquito is severely damaged.
The vampire mosquito closely misses you.
You furiously retaliate!
You headbutt the vampire mosquito. You barely miss the vampire mosquito.
Your headbutt misses the vampire mosquito.
The vampire mosquito is severely damaged.
The vampire mosquito bites you.
* * * LOW HITPOINT WARNING * * *
The vampire mosquito draws strength from your injuries!
You barely miss the vampire mosquito.
Your headbutt misses the vampire mosquito.
The vampire mosquito is severely damaged.
The vampire mosquito bites you.
* * * LOW HITPOINT WARNING * * *
The vampire mosquito draws strength from your injuries!
The vampire mosquito bites you!
You die...

... #.# ... #.# ... #.# #y#
####@### ########## #......#
#........# #.##.#.##########
#.######.#
#.##.#.##.......### #.#
####.###.##.#.##.#.......###
#.#
#..................#........
#.#
#.##.###......##.###...#.#.#
#.###.##.#
#.#....##.##....#.#.#
#........#
#.##.#.##.#..#..#.#.#


You could see a vampire mosquito.

Vanquished Creatures
  Sigmund (D:4)
  3 vampire mosquitoes (D:5)
  An ice beast (D:5)
  2 ogres
  2 scorpions (D:5)
  A jelly (D:4)
  An orc priest (D:3)
  An orc wizard (D:3)
  Robin (D:2)
  3 gnolls (D:4)
  8 adders
  2 worms
  A dart slug (D:2)
  4 orcs
  5 ball pythons
  6 endoplasms
  17 goblins
  7 hobgoblins
  8 jackals (D:4)
  5 kobolds
  A quokka (D:1)
  6 bats
  3 frilled lizards (D:1)
  6 rats
95 creatures vanquished.

Notes
Turn   | Place    | Note
-------+----------+-------------------------------------------
     0 | D:1      | bmack86 the Minotaur Fighter began the quest for the Orb.
     0 | D:1      | Reached XP level 1. HP: 19/19 MP: 0/0
   195 | D:1      | Reached skill level 3 in Axes
   240 | D:1      | Reached XP level 2. HP: 26/26 MP: 1/1
   699 | D:2      | Reached skill level 4 in Axes
   897 | D:2      | Reached XP level 3. HP: 31/31 MP: 2/2
   995 | D:2      | Noticed Robin
  1018 | D:2      | Killed Robin
  1019 | D:2      | Reached skill level 5 in Axes
  1120 | D:2      | Found a faded altar of an unknown god.
  1208 | D:2      | Reached XP level 4. HP: 35/39 MP: 3/3
  1590 | D:3      | Reached skill level 6 in Axes
  1590 | D:3      | Reached XP level 5. HP: 43/45 MP: 4/4
  1679 | D:3      | Found a white marble altar of Elyvilon.
  1723 | D:3      | Identified the +1 sling of the Fray {flame, rF+ Int+3}
  1810 | D:3      | Found a broken altar of Ashenzari.
  2671 | D:4      | Noticed an ogre
  2763 | D:4      | Found a snail-covered altar of Cheibriados.
  2843 | D:4      | Noticed Sigmund
  2863 | D:4      | Killed Sigmund
  2864 | D:4      | Reached skill level 8 in Axes
  2864 | D:4      | Reached XP level 6. HP: 29/51 MP: 5/5
  3303 | D:4      | Reached skill level 9 in Axes
  3432 | D:4      | Reached XP level 7. HP: 57/57 MP: 6/6
  3512 | D:5      | Entered Level 5 of the Dungeon
  3852 | D:5      | Reached skill level 10 in Axes
  4086 | D:5      | Found the +9 staff of Olgreb {rPois∞}
  4102 | D:5      | Found a runed translucent door.
  4111 | D:5      | Found a runed translucent gate.
  4111 | D:5      | Found a runed translucent gate.
  4112 | D:5      | Found a runed translucent door.
  4125 | D:5      | Found a runed translucent gate.
  4212 | D:5      | Noticed a vampire mosquito
  4212 | D:5      | Noticed a vampire mosquito
  4214 | D:5      | Noticed a vampire mosquito
  4214 | D:5      | Noticed a vampire mosquito
  4218 | D:5      | Killed a vampire mosquito
  4219 | D:5      | Reached skill level 11 in Axes
  4230 | D:5      | Killed a vampire mosquito
  4231 | D:5      | Reached XP level 8. HP: 25/64 MP: 7/7
  4239 | D:5      | HP: 3/64 [vampire mosquito (2)]
  4242 | D:5      | HP: 1/64 [vampire mosquito (2)]
  4242 | D:5      | Mangled by a vampire mosquito

Illustrated notes

Levels and vault maps discovered:
D:1:      heliophobic_arrival_glass_houses, layout_loops_ring
D:2:      layout_basic, chequers_ecumenical_altar_simple, kennysheep_nub,
          hex_medium, uniq_robin
D:3:      layout_basic, elyvilon_altar_3, evilmike_ruin_ashenzari,
          chequers_big_river
D:4:      layout_cave_pools, lemuel_tele_altar, uniq_sigmund
D:5:      layout_loops_corners, kennysheep_another_room, grunt_decor_arrowhead,
          minmay_guarded_unrand_staff_of_olgreb

Skill      XL: |  1  2  3  4  5  6  7 |
---------------+----------------------+-----
Axes           | 3 4 5 6 8 9 11 | 11.9
Fighting       | |  3.6
Armour         | |  3.6
Shields        | |  3.6

Action                     |  1- 3 |  4- 6 |  7- 9 || total
---------------------------+-------+-------+-------++-------
  Melee: War axe           |    83 |   104 |    51 ||   238
         Headbutt          |     5 |    11 |     6 ||    22
    Use: Scroll            |       |    10 |       ||    10
         Potion            |       |       |     2 ||     2
 Armour: Chain mail        |    52 |    50 |    17 ||   119
  Dodge: Dodged            |    32 |    43 |    18 ||    93
  Block: Buckler           |    27 |    17 |     8 ||    52

Table legend: (Time is in decaauts)
 A = Elapsed time spent in this place.
 B = Non-inter-level travel time spent in this place.
 C = Inter-level travel time spent in this place.
 D = Time resting spent in this place.
 E = Time spent auto-exploring this place.
 F = Levels seen in this place.
 G = Mean time per level.
                   A        B        C        D        E       F      G
               +--------+--------+--------+--------+--------+-----+--------+
         Total |   4298 |   4072 |    226 |    270 |   2600 |   5 |  859.6 |
       Dungeon |   4298 |   4072 |    226 |    270 |   2600 |   5 |  859.6 |
               +--------+--------+--------+--------+--------+-----+--------+

Top non-repeatable levels by time:
     D:3: 1221 daAuts
     D:2: 927 daAuts
     D:4: 746 daAuts
     D:5: 726 daAuts
     D:1: 676 daAuts
